 Dungeon Crawl Stone Soup version 0.20.1-1-g8b1a95d (webtiles) character file.

257 nightchill the Sneak (level 5, -1/36 HPs)
             Began as a Vampire Enchanter on Dec 16, 2017.
             Slain by a worker ant (5 damage)
             ... on level 4 of the Dungeon.
             The game lasted 00:24:02 (6381 turns).

nightchill the Sneak (Vampire Enchanter)            Turns: 6381, Time: 00:24:04

Health: -1/36      AC:  3    Str:  8    XL:     5   Next: 93%
Magic:  2/8        EV: 13    Int: 17    God:
Gold:   151        SH:  0    Dex: 15    Spells: 3/8 levels left

rFire    . . .     SeeInvis +   g - -3 dagger (curse)
rCold    + . .     Gourm    .   (no shield)
rNeg     + + .     Faith    .   s - +1 robe
rPois    +         Spirit   .   (no helmet)
rElec    .         Reflect  .   (no cloak)
rCorr    .         Harm     .   (no gloves)
MR       .....                  (no boots)
Stlth    +++++.....             (no amulet)
Regen    0.1/turn               (no ring)
MPRegen  0.2/turn               (no ring)

@: lethally poisoned (-1 -> -10), very slightly contaminated, regenerating
slowly
A: fangs 3, see invisible, unbreathing
a: Bat Form


You were on level 4 of the Dungeon.
You were thirsty.

You visited 1 branch of the dungeon, and saw 4 of its levels.

You collected 151 gold pieces.

Inventory:

Hand Weapons
 a - a +1 dagger
 b - a +0 blowgun
 g - a cursed -3 dagger (weapon)
 n - a +0 hunting sling
Missiles
 e - 133 stones (quivered)
 j - 27 poisoned needles
 o - a throwing net
Armour
 p - a +0 helmet
 s - a +1 robe (worn)
Magical Staves
 k - a cursed staff of energy {unknown}
Jewellery
 q - an uncursed ring of wizardry {unknown}
Wands
 f - a wand of random effects (18/48)
 l - a wand of polymorph (16/24)
 m - a wand of clouds (3/9)
Scrolls
 r - 2 scrolls of noise
Potions
 d - 7 potions of blood
 i - 2 potions of flight {unknown}
 t - a potion of curing {unknown}
Books
 c - a book of Maledictions

   Spells                             Type                      Level
   a - Corona                         Hexes                        1
   b - Ensorcelled Hibernation        Hexes/Ice                    2
   c - Confuse                        Hexes                        3
   d - Tukima's Dance                 Hexes                        3
   e - Dazzling Spray                 Conjuration/Hexes            3
Comestibles
 h - a royal jelly


   Skills:
 + Level 0.8 Fighting
 + Level 1.8 Short Blades
 + Level 2.5 Dodging
 + Level 7.4 Stealth
 - Level 2.0 Spellcasting
 + Level 7.2 Hexes


You had 3 spell levels left.
You knew the following spells:

 Your Spells              Type           Power        Failure   Level  Hunger
b - Ensorcelled Hibernat  Hex/Ice        ##....       7%          2    ###....
c - Confuse               Hex            ####....     3%          3    ###....


Dungeon Overview and Level Annotations

Branches:
Dungeon (4/15)
 Temple: D:4-7

Altars:
Ashenzari
Cheibriados
Dithmenos
Elyvilon
Fedhas
Nemelex Xobeh
Zin
The Shining One

Annotations:
D:3 exclusions: downstairs and 1 more exclusion


Innate Abilities, Weirdness & Mutations

You heal slowly.
You have razor-sharp teeth.
You have supernaturally acute eyesight. (SInv)
You can survive without breathing.


Message History

Confirm with . or Enter, or press ? or * to list all spells.
Aiming: Ensorcelled Hibernation
Press: ? - help, Shift-Dir - straight line, f/p - worker ant
Aim: a worker ant (chance to defeat MR: 52%)
The worker ant resists with significant effort.
You feel sick. The leopard gecko bites you. The worker ant bites you.
* * * LOW HITPOINT WARNING * * *
Casting: Ensorcelled Hibernation
Confirm with . or Enter, or press ? or * to list all spells.
Aiming: Ensorcelled Hibernation
Press: ? - help, Shift-Dir - straight line, f/p - worker ant
Aim: a worker ant (chance to defeat MR: 52%)
You miscast Ensorcelled Hibernation.
You are very lightly contaminated with residual magic.
Nothing appears to happen.
* * * LOW HITPOINT WARNING * * *
You feel sick. The leopard gecko bites you.
* * * LOW HITPOINT WARNING * * *
The worker ant bites you.
You die...

.........##....####
.........#........#
.........#........#
.......###........#
.......###........#
................###
.......##..####.##
#.#######..####..######.
......# #.......@.......
......# ##.####.la######
............ .......
..##..####.#.##.#.###
.......## .#.##...$
........# .#.#####.#
........##...... ..
...>...#[..# #.#
.......#...#


You could see a worker ant and a leopard gecko.

Vanquished Creatures
  An orc wizard (D:4)
  Ijyb (D:4)
  9 adders
  4 gnolls
  An ooze (D:4)
  A worm (D:2)
  2 dart slugs
  3 leopard geckos
  An orc (D:3)
  A ball python (D:1)
  7 bats
  4 giant cockroaches
  8 goblins
  10 hobgoblins
  2 jackals (D:1)
  2 quokkas
  5 frilled lizards
  4 kobolds
  7 rats
73 creatures vanquished.

Notes
Turn   | Place    | Note
-------+----------+-------------------------------------------
     0 | D:1      | nightchill the Vampire Enchanter began the quest for the Orb.
     0 | D:1      | Reached XP level 1. HP: 13/13 MP: 3/3
   804 | D:1      | Reached skill level 5 in Stealth
   804 | D:1      | Reached XP level 2. HP: 19/19 MP: 5/5
   899 | D:1      | You fall through a shaft!
   901 | D:2      | Reached skill level 5 in Hexes
  1287 | D:1      | Reached XP level 3. HP: 23/24 MP: 6/6
  1676 | D:1      | Learned a level 2 spell: Ensorcelled Hibernation
  1680 | D:1      | Learned a level 3 spell: Confuse
  2641 | D:1      | Reached XP level 4. HP: 30/30 MP: 0/7
  3153 | D:2      | Found a faded altar of an unknown god.
  3995 | D:3      | Found a snail-covered altar of Cheibriados.
  3995 | D:3      | Found a glowing silver altar of Zin.
  3995 | D:3      | Found a shattered altar of Ashenzari.
  3997 | D:3      | Found a glowing golden altar of the Shining One.
  3997 | D:3      | Found a blossoming altar of Fedhas.
  3997 | D:3      | Found a shadowy altar of Dithmenos.
  3998 | D:3      | Found a sparkling altar of Nemelex Xobeh.
  4091 | D:3      | Reached XP level 5. HP: 29/35 MP: 5/8
  4140 | D:3      | Found a white marble altar of Elyvilon.
  5881 | D:4      | Noticed an ogre
  5887 | D:4      | Noticed Ijyb
  6241 | D:4      | Killed Ijyb
  6381 | D:4      | Slain by a worker ant

Skill      XL: |  1  2  3  4  5 |
---------------+----------------+-----
Stealth        | 5 6 7 |  7.4
Hexes          | 5 6 7 |  7.2
Fighting       | |  0.8
Short Blades   | |  1.8
Dodging        | |  2.5
Spellcasting   | |  2.0

Action                   |  1- 3 |  4- 6 || total
-------------------------+-------+-------++-------
Melee: Dagger            |   151 |   134 ||   285
       Bite              |    13 |    11 ||    24
       Unarmed           |    19 |       ||    19
Throw: Stone             |       |     3 ||     3
 Cast: Corona            |     5 |       ||     5
       Ensorcelled Hiber |    12 |    37 ||    49
       Confuse           |       |     4 ||     4
 Abil: End Transformatio |     2 |     2 ||     4
       Bat Form          |     2 |     2 ||     4
  Use: Scroll            |     4 |     5 ||     9
       Potion            |     3 |     9 ||    12
 Stab: Sleeping          |    19 |    29 ||    48
       Confused          |       |     2 ||     2
Armor: Robe              |    33 |    20 ||    53
Dodge: Dodged            |   122 |    93 ||   215
